 Dungeon Crawl Stone Soup version 0.29.1-1-gd02db6906a (webtiles) character file.

Game seed: 4856176192022576973

5063 101zpm the Thaumaturge (level 10, -3/60 HPs)
             Began as a Djinni Fire Elementalist on Oct 4, 2022.
             Slain by a yak (5 damage)
             ... on level 9 of the Dungeon.
             The game lasted 00:42:51 (13298 turns).

101zpm the Thaumaturge (Djinni Fire Elementalist)  Turns: 13298, Time: 00:42:52

Health: -3/60      AC:  9    Str:  7    XL:     10   Next: 86%
Gold:   548        EV: 17    Int: 23    God:
                   SH:  5    Dex: 14

rFire   + + +      SeeInvis .   v - +7 falchion
rCold   x . .      Faith    .   (no shield)
rNeg    + + +      Spirit   .   M - +1 robe {Will+}
rPois   ∞          Reflect  +   q - +2 hat
rElec   .          Harm     .   D - +2 cloak
rCorr   .          Rampage  .   n - +0 pair of gloves
Will    +....                   (boots unavailable)
Stlth   ++........              L - amulet "Caenal" {Reflect rN+++ Will- Int+2 SH+5}
HPRegen 0.20/turn               b - +4 ring of evasion
MPRegen 0.00/turn               G - ring of protection from fire

@: flying
A: sickness immunity, fire resistance 2, cold vulnerability 1, float, innate
caster, HP casting, extra vitality 1
a: no special abilities


You were on level 9 of the Dungeon.
You visited 2 branches of the dungeon, and saw 10 of its levels.
You also visited: Sewer.

You collected 548 gold pieces.

Inventory:

Hand Weapons
 o - a +1 spear of flaming
 v - a +7 falchion (weapon)
Missiles
 u - 70 stones
 x - 19 poisoned darts
 A - 5 boomerangs
Armour
 n - a +0 pair of gloves (worn)
 q - a +2 hat (worn)
 B - the +1 ring mail of Servitude {Will- Int+7}
   (You found it on level 5 of the Dungeon)

   Int:       It affects your intelligence (+7).
   Will:      It decreases your willpower.
 C - a +1 robe of fire resistance
 D - a +2 cloak (worn)
 M - a +1 robe of willpower (worn)
Jewellery
 b - a +4 ring of evasion (left hand)
 G - a ring of protection from fire (right hand)
 L - the amulet "Caenal" (around neck) {Reflect rN+++ Will- Int+2 SH+5}
   (You found it on level 8 of the Dungeon)

   [amulet of reflection]

   It reflects blocked missile attacks.
   Int:       It affects your intelligence (+2).
   rN:        It renders you almost immune to negative energy.
   SH:        It affects your SH (+5).
   Will:      It decreases your willpower.
Wands
 a - a wand of quicksilver (7)
 t - a wand of polymorph (5)
 F - a wand of charming (10)
 K - a wand of roots (9)
Scrolls
 c - 2 scrolls of blinking
 d - 2 scrolls of identify {unknown}
 e - 2 scrolls of acquirement {unknown}
 h - 2 scrolls of immolation {unknown}
 i - 3 scrolls of teleportation {unknown}
 j - 2 scrolls of magic mapping {unknown}
 k - 3 scrolls of poison {unknown}
 p - 5 scrolls of enchant weapon
 w - 3 scrolls of noise {unknown}
 y - a scroll of fear {unknown}
 I - a scroll of enchant armour {unknown}
 N - a scroll of silence {unknown}
Potions
 f - a potion of mutation {unknown}
 g - 4 potions of heal wounds {unknown}
 l - 3 potions of curing {unknown}
 m - a potion of haste
 r - a potion of degeneration {unknown}
 s - a potion of attraction {unknown}
 z - a potion of resistance
 E - a potion of berserk rage {unknown}
 H - a potion of might {unknown}
 J - a potion of cancellation {unknown}


   Skills:
 + Level 0.1 Fighting
 + Level 2.9 Dodging
 + Level 3.5 Stealth
 + Level 11.6 Spellcasting


You had 10 spell levels left.
You knew the following spells:

 Your Spells              Type           Power      Damage    Failure   Level
a - Foxfire               Conj/Fire      100%       2x1d9     1%          1
b - Scorch                Fire           100%       2d10      1%          2
c - Conjure Flame         Conj/Fire      61%        6-21      1%          3
d - Inner Flame           Hex/Fire       61%        N/A       1%          3
e - Flame Wave            Conj/Fire      61%        2d14      1%          4
f - Sting                 Tmut/Pois      100%       1d8       1%          1
g - Blink                 Tloc           100%       N/A       1%          2
h - Ozocubu's Armour      Ice            61%        N/A       1%          3
i - Mephitic Cloud        Conj/Pois/Air  61%        N/A       1%          3
Your spell library was empty.

Dungeon Overview and Level Annotations

Branches:
Dungeon (9/15)             Temple (1/1) D:4           Sewer (visited)
   Lair: D:8-11         Orc: D:9-12

Altars:
Ashenzari
Fedhas
Gozag
Hepliaklqana
Makhleb
Qazlal
Ru
Trog
Uskayaw
Wu Jian
Xom
Zin
The Shining One
Lugonu

Shops:
D:7 *

Portals:
Abyss: D:7

Annotations:
D:9 Maggie, Prince Ribbit


Innate Abilities, Weirdness & Mutations

You are immune to sickness and miasma.
You are immune to poison.
Your flesh is very heat resistant. (rF++)
You are vulnerable to cold. (rC-)
You float through the air rather than walking.
You learn spells naturally, not from books.
Your magical power is your life essence.
You have superior vitality. (+4 MHP)


Message History

Confirm with . or Enter, or press ? or * to list all spells.
Flames lash the yak.
The yak is lightly wounded.
The yak's fire resistance burns away.
The yak attacks as you move away! The yak gores you but does no damage.
Maggie gestures wildly while chanting.
Maggie attempts to bespell you! You resist with almost no effort.
You conjure some foxfire!
The yak is engulfed in blazing flames.
The yak closely misses you.
Your foxfire dissipates!
The foxfire hits the yak.
Flame seeps out of the yak.
The yak is lightly wounded.
The yak gores you!
The yak is engulfed in blazing flames.
Flame seeps out of the yak.
The yak attacks as you move away! The yak gores you!
* * * LOW HITPOINT WARNING * * *
Casting: Foxfire (safe; 1% risk of failure)
Confirm with . or Enter, or press ? or * to list all spells.
Flames lash the yak.
The yak is burned terribly!
The yak is almost dead.
* * * LOW HITPOINT WARNING * * *
The yak gores you but does no damage.
Casting: Scorch (safe; 1% risk of failure)
Confirm with . or Enter, or press ? or * to list all spells.
Flames lash the yak.
The yak is burned terribly!
You kill the yak!
* * * LOW HITPOINT WARNING * * *
Maggie points at you and mumbles some strange words.
The bolt of fire hits you but does no damage.
You resist. The yak attacks as you move away! The yak gores you!
* * * LOW HITPOINT WARNING * * *
Casting: Scorch (safe; 1% risk of failure)
Confirm with . or Enter, or press ? or * to list all spells.
Flames lash Maggie.
Flame seeps out of Maggie.
Maggie is moderately wounded.
Maggie's fire resistance burns away.
* * * LOW HITPOINT WARNING * * *
The yak gores you.
You die...

#.....####+#..
#.##..'.......
#.....#...##..
#.....#...#
#.....######
#..........#
#.......#..####.#..
#.......#...FY.....
#.###.@.#..@##.v..
#......Y#...##....
#.......Y@.........
###################


You could see Maggie (inner flame, combustible) and 2 yaks.

Vanquished Creatures
  Joseph (D:7)
  A hornet (D:7)
  4 yaks (D:9)
  A wyvern (D:7)
  A steam dragon (D:6)
  A water moccasin (D:4)
  Duvessa (D:7)
  An orc warrior (D:7)
  3 ice beasts
  A sky beast (D:7)
  An ogre (D:5)
  3 centaurs
  2 phantoms
  A kobold brigand (D:9)
  4 bullfrogs
  A gnoll sergeant (D:8)
  A necrophage (D:5)
  6 scorpions
  Dowan (D:7)
  4 wights (D:8)
  6 killer bees
  6 howler monkeys (D:7)
  A crimson imp (D:7)
  3 orc priests
  2 jellies
  A gnoll bouda (D:6)
  4 iguanas
  12 orc wizards
  Robin (D:4)
  7 gnolls
  14 adders
  2 shadow imps
  3 worms
  3 dart slugs (D:1)
  24 orcs
  11 ball pythons
  2 bats
  5 endoplasms
  13 giant cockroaches
  17 goblins
  10 hobgoblins
  4 jackals (D:1)
  10 kobolds
  8 quokkas
  9 frilled lizards
  2 hobgoblin zombies (D:7)
  2 kobold skeletons (D:7)
  5 kobold zombies (D:7)
  3 orc skeletons (D:7)
  2 orc zombies (D:7)
  5 rats
  A lurking horror (D:7)
237 creatures vanquished.

Vanquished Creatures (collateral kills)
  A foxfire (D:2)
1 creature vanquished.

Vanquished Creatures (others)
  769 foxfires
769 creatures vanquished.

Grand Total: 1007 creatures vanquished

Notes
Turn   | Place    | Note
-------+----------+-------------------------------------------
     0 | D:1      | 101zpm the Djinni Fire Elementalist began the quest for the
                  | Orb.
     0 | D:1      | 101zpm set off with the following spells memorised:
                  | Foxfire, Scorch, Conjure Flame, Inner Flame, Flame Wave.
     0 | D:1      | Reached XP level 1. HP: 15/15 MP: 0/0
   357 | D:1      | Reached XP level 2. HP: 17/21 MP: 0/0
   950 | D:1      | Reached skill level 3 in Spellcasting
   953 | D:1      | Reached XP level 3. HP: 12/25 MP: 0/0
   953 | D:1      | Learned a level 1 spell: Sting
  1934 | D:2      | Found a shimmering altar of Xom.
  2541 | D:2      | Reached XP level 4. HP: 26/31 MP: 0/0
  3197 | D:2      | Found a faded altar of an unknown god.
  3381 | D:3      | Found a glowing silver altar of Zin.
  3382 | D:3      | Found a burning altar of Makhleb.
  3405 | D:3      | Found a sacrificial altar of Ru.
  3434 | D:3      | Reached XP level 5. HP: 28/35 MP: 0/0
  3434 | D:3      | Learned a level 2 spell: Blink
  3671 | D:3      | Reached skill level 4 in Spellcasting
  3699 | D:3      | Found a glowing drain.
  3708 | Sewer    | Entered a sewer
  3961 | Sewer    | Noticed a bullfrog
  3961 | Sewer    | Noticed a bullfrog
  3964 | Sewer    | Killed a bullfrog
  3965 | Sewer    | Reached XP level 6. HP: 29/40 MP: 0/0
  4126 | Sewer    | Reached skill level 5 in Spellcasting
  4906 | D:5      | Entered Level 5 of the Dungeon
  4910 | D:5      | Reached XP level 7. HP: 24/45 MP: 0/0
  4910 | D:5      | Learned a level 3 spell: Ozocubu's Armour
  5604 | D:4      | Found a staircase to the Ecumenical Temple.
  5627 | Temple   | Entered the Ecumenical Temple
  5902 | D:4      | Noticed a water moccasin
  5905 | D:4      | Killed a water moccasin
  5906 | D:4      | Reached skill level 6 in Spellcasting
  6269 | D:4      | Reached XP level 8. HP: 43/50 MP: 0/0
  6670 | D:4      | Found a stormy altar of Qazlal.
  6670 | D:4      | Noticed Robin
  6675 | D:4      | Killed Robin
  7363 | D:5      | Reached skill level 7 in Spellcasting
  7838 | D:5      | Identified the +1 ring mail of Servitude {Will- Int+7}
  8109 | D:5      | Reached skill level 8 in Spellcasting
  8109 | D:5      | Reached XP level 9. HP: 44/55 MP: 0/0
  8109 | D:5      | Learned a level 3 spell: Mephitic Cloud
  8216 | D:5      | Found a hide-covered altar of Uskayaw.
  8632 | D:5      | Found a shimmering altar of Xom.
  9204 | D:7      | Found Heiw's Assorted Antiques.
  9211 | D:7      | Noticed Dowan
  9215 | D:7      | Noticed Duvessa
  9223 | D:7      | Killed Duvessa
  9224 | D:7      | Reached skill level 9 in Spellcasting
  9416 | D:7      | Killed Dowan
  9679 | D:7      | Noticed a hornet
  9683 | D:7      | Killed a hornet
  9881 | D:7      | Reached skill level 10 in Spellcasting
  9881 | D:7      | Reached XP level 10. HP: 37/60 MP: 0/0
 10124 | D:7      | Noticed Joseph
 10131 | D:7      | Killed Joseph
 10360 | D:7      | Found a one-way gate to the infinite horrors of the Abyss.
 10360 | D:7      | Found a corrupted altar of Lugonu.
 10700 | D:7      | Found a glowing golden altar of the Shining One.
 11645 | D:8      | Reached skill level 11 in Spellcasting
 12029 | D:8      | Identified the amulet "Caenal" {Reflect rN+++ Will- Int+2
                  | SH+5}
 13278 | D:9      | Noticed Maggie
 13280 | D:9      | Noticed Prince Ribbit
 13298 | D:9      | Slain by a yak

Illustrated notes

Levels and vault maps discovered:
D:1:      dpeg_arrival_stone_temple_mockup, layout_basic,
          kennysheep_decorative_pillar, hangedman_glass_garden
D:2:      layout_basic, dilly_ecumenical_altar_fadedgnrine, basic_altar,
          minmay_box_of_dots
D:3:      wander_river, layout_loops_ring, minitemple, portal_sewer_entry_d
D:4:      layout_loops_cross, nicolae_qazlal_eye_of_the_storm,
          minmay_temple_entry_glass, minmay_cut_off, uniq_robin
D:5:      layout_loops_corners, nicolae_overflow_hidden_temple,
          lemuel_round_altar
D:6:      black_bear_nest_1, layout_loops_ring, kennysheep_vampire_church,
          kennysheep_mini, grunt_ministairs_12, grunt_decor_mini_mirrors,
          uniq_pikel
D:7:      layout_loops_ring, nicolae_tso_besieged_by_evil, serial_shops,
          shop_statue, amcnicky_altar_lugonu_corruption, uniq_duvessa,
          uniq_joseph
D:8:      layout_rooms
D:9:      layout_stronghold, st_stairs_12, uniq_prince_ribbit1, uniq_erica,
          uniq_maggie
Temple:   nicolae_temple_little_seven

Skill      XL: |  1  2  3  4  5  6  7  8  9 10 |
---------------+-------------------------------+-----
Spellcasting   | 3 4 5 6 8 10 11 | 11.6
Stealth        | 2 3 |  3.5
Fighting       | |  0.1
Dodging        | |  2.9

Action                   |  1- 3 |  4- 6 |  7- 9 | 10-12 || total
-------------------------+-------+-------+-------+-------++-------
Melee: Spear             |       |     3 |       |       ||     3
       Falchion          |       |       |       |     2 ||     2
 Cast: Foxfire           |   105 |   127 |   136 |    96 ||   464
       Scorch            |     8 |    11 |    48 |    40 ||   107
       Sting             |     1 |       |     1 |       ||     2
       Inner Flame       |       |     1 |    72 |    42 ||   115
       Ozocubu's Armour  |       |       |     3 |     3 ||     6
       Blink             |       |       |     1 |       ||     1
  Use: Scroll            |       |       |     1 |       ||     1
Armor: Robe              |       |       |     2 |     9 ||    11
Dodge: Dodged            |     3 |     4 |    14 |    15 ||    36
Block: Other             |       |       |       |     1 ||     1
